 Dungeon Crawl Stone Soup version 0.29-a0-271-gd4eb659eea (webtiles) character file.

Game seed: 17867836708913770484

602 AlexTheTrain1 the Cleaver (level 7, -7/61 HPs)
             Began as a Minotaur Fighter on Mar 8, 2022.
             Was an Initiate of Ashenzari.
             Mangled by a yak (12 damage)
             ... on level 4 of the Dungeon.
             The game lasted 00:07:08 (6704 turns).

AlexTheTrain1 the Cleaver (Minotaur Fighter)        Turns: 6704, Time: 00:07:09

Health: -7/61      AC:  9    Str: 22    XL:     7   Next: 18%
Magic:  6/6        EV:  9    Int:  5    God:    Ashenzari [......]
Gold:   32         SH:  5    Dex: 10    Spells: 6/6 levels left

rFire   . . .      SeeInvis .   a - +0 war axe
rCold   . . .      Faith    .   c - +1 buckler
rNeg    . . .      Spirit   .   b - +0 scale mail
rPois   .          Reflect  .   (helmet restricted)
rElec   .          Harm     .   (no cloak)
rCorr   .          Rampage  .   q - +0 pair of gloves
Will    .....                   e - +0 pair of boots
Stlth   ..........              (no amulet)
HPRegen 0.20/turn               p - ring of wizardry
MPRegen 0.10/turn               i - ring of flight

@: flying
A: horns 2, retaliatory headbutt
a: Renounce Religion, Curse Item


You were on level 4 of the Dungeon.
You worshipped Ashenzari.
Ashenzari was noncommittal.
You visited 1 branch of the dungeon, and saw 5 of its levels.

You collected 242 gold pieces.
You spent 210 gold pieces at shops.

Inventory:

Hand Weapons
 a - a +0 war axe (weapon)
Armour
 b - a +0 scale mail (worn)
 c - a +1 buckler (worn)
 e - a +0 pair of boots (worn)
 q - a +0 pair of gloves (worn)
Jewellery
 i - a ring of flight (right hand)
 l - a ring of protection from fire
 p - a ring of wizardry (left hand)
Scrolls
 d - 3 scrolls of teleportation
 f - 2 scrolls of magic mapping
 j - 4 scrolls of identify
Potions
 g - a potion of invisibility
 h - 3 potions of curing
 k - 2 potions of heal wounds
 o - a potion of flight {unknown}


   Skills:
 + Level 5.6 Fighting
 + Level 1.2 Short Blades
 * Level 8.4 Axes
 - Level 3.6 Armour
 - Level 3.6 Shields


You had 6 spell levels left.
You didn't know any spells.
Your spell library was empty.

Dungeon Overview and Level Annotations

Branches:
Dungeon (5/15)
 Temple: D:4-7

Altars:
Ashenzari

Shops:
D:3 *   D:4 ((*?[


Innate Abilities, Weirdness & Mutations

You have a pair of horns on your head.
You reflexively headbutt those who attack you in melee.


Message History

A yak comes into view.
The worm barely misses you. The yak gores you but does no damage.
The worm bites you!
There is a stone staircase leading up here.
You can't go down here!
The yak misses you. You furiously retaliate!
You headbutt the yak. You block the yak's attack.
You fly upwards.
There is a stone staircase leading down here.
You closely miss the yak. You headbutt the yak!
The yak is moderately wounded.
You slash the worm! You hit the yak. The worm closely misses you.
The yak gores you. The yak gores you but does no damage.
You slash the worm!
You kill the worm!
You hit the yak. You barely miss the yak. The yak barely misses you.
The yak gores you.
You hit the yak. You headbutt the yak, but do no damage.
The yak is moderately wounded.
You hit the yak. The yak gores you! The yak barely misses you.
You slash the yak!
The yak is severely wounded.
You hit the yak. The yak gores you. The yak gores you but does no damage.
You hit the yak.
The yak is heavily wounded.
You closely miss the yak. The yak gores you. You block the yak's attack.
You hit the yak but do no damage. You headbutt the yak!
The yak is severely wounded.
You hit the yak but do no damage. The yak gores you but does no damage.
The yak gores you. The yak barely misses you. You furiously retaliate!
You headbutt the yak, but do no damage. The yak gores you.
You hit the yak.
The yak is almost dead.
You closely miss the yak. You block the yak's attack. The yak gores you!
* * * LOW HITPOINT WARNING * * *
You barely miss the yak.
The yak is almost dead.
You closely miss the yak. The yak misses you. You furiously retaliate!
You headbutt the yak! The yak gores you!
You die...

..#######.# #####
..#..†....# #...#
..#.############.#.# (...#
#...........# ....#
#.#########.# ##..#
#.....##....#
#..########.##.####
##...........##)###########
...............Y@Y<.......#
#.#.#####################.#
..#.# #.# ###.####### #.#
..........# #.# ###.......#
#.# # #.......# #.# #
#.....(.############# #.# #
#...................# #.#


You could see 2 yaks.

Vanquished Creatures
  Duvessa (D:4)
  A phantom (D:4)
  A scorpion (D:4)
  Dowan (D:4)
  A hound (D:4)
  2 orc priests
  A jelly (D:4)
  2 iguanas (D:4)
  7 adders
  2 worms
  7 orcs
  4 endoplasms
  3 giant cockroaches
  8 goblins
  4 hobgoblins
  10 jackals
  4 quokkas
  9 ball pythons
  9 bats
  3 frilled lizards
  4 kobolds
  6 rats
90 creatures vanquished.

Vanquished Creatures (others)
  8 plants
  10 withered plants (D:1)
18 creatures vanquished.

Grand Total: 108 creatures vanquished

Notes
Turn   | Place    | Note
-------+----------+-------------------------------------------
     0 | D:1      | AlexTheTrain1 the Minotaur Fighter began the quest for the
                  | Orb.
     0 | D:1      | Reached XP level 1. HP: 19/19 MP: 0/0
    39 | D:1      | Found a faded altar of an unknown god.
    68 | D:1      | Prayed at the altar of an unknown god.
    68 | D:1      | Became a worshipper of Ashenzari the Shackled
   255 | D:1      | Reached XP level 2. HP: 10/27 MP: 1/1
   540 | D:1      | Reached skill level 3 in Axes
  1060 | D:1      | Reached XP level 3. HP: 33/33 MP: 2/2
  1513 | D:2      | Reached skill level 4 in Axes
  4260 | D:3      | Reached XP level 4. HP: 27/41 MP: 3/3
  5125 | D:3      | Found Bamuh's Assorted Antiques.
  5128 | D:3      | Bought a large copper ring for 110 gold pieces
  5363 | D:3      | Reached skill level 5 in Axes
  5852 | D:4      | Reached XP level 5. HP: 44/47 MP: 4/4
  5973 | D:4      | Reached skill level 6 in Axes
  6097 | D:4      | Reached skill level 5 in Fighting
  6103 | D:4      | Found Sapuaw's Armour Shop.
  6191 | D:4      | Noticed Duvessa
  6194 | D:4      | Killed Duvessa
  6195 | D:4      | Reached skill level 7 in Axes
  6195 | D:4      | Reached XP level 6. HP: 56/56 MP: 5/5
  6202 | D:4      | Noticed Dowan
  6215 | D:4      | Killed Dowan
  6253 | D:4      | Reached skill level 1 in Short Blades
  6362 | D:4      | Found Xikesi's Magic Scroll Emporium.
  6378 | D:4      | Found Xougur's Assorted Antiques.
  6385 | D:4      | Bought a tubular onyx ring for 100 gold pieces
  6389 | D:4      | Found Ruul's Antique Weapon Emporium.
  6397 | D:4      | Reached skill level 8 in Axes
  6397 | D:4      | Reached XP level 7. HP: 51/61 MP: 6/6
  6489 | D:4      | Found Roxkethro's Weapon Emporium.
  6675 | D:5      | Entered Level 5 of the Dungeon
  6687 | D:5      | Noticed a yak
  6689 | D:5      | Noticed a yak
  6691 | D:5      | Noticed a yak
  6691 | D:5      | Noticed a yak
  6692 | D:5      | Noticed a yak
  6704 | D:4      | Mangled by a yak

Illustrated notes

Levels and vault maps discovered:
D:1:      dpeg_arrival_line_fractal, layout_loops_corners,
          shapermc_ecumenical_altar_flowoftime
D:2:      layout_loops_ring, minmay_tall_x
D:3:      wad_woods_pond, layout_basic, serial_shops, shop, feat_on_display
D:4:      layout_basic, serial_shops, shop, nicolae_take_the_stairs, shop, shop,
          kennysheep_little_box, uniq_duvessa
D:5:      layout_cave_pods, minmay_temple_entry_drinking_statues,
          minmay_shop_mass

Skill      XL: |  1  2  3  4  5  6 |
---------------+-------------------+-----
Fighting       | 4 5 |  5.6
Axes           | 3 4 5 7 8 |  8.4
Short Blades   | 1 |  1.2
Armour         | |  3.6
Shields        | |  3.6

Action                   |  1- 3 |  4- 6 |  7- 9 || total
-------------------------+-------+-------+-------++-------
Melee: War axe           |   107 |    68 |    25 ||   200
       Headbutt          |    14 |    17 |     6 ||    37
       Dagger            |     5 |    24 |       ||    29
Invok: Curse Item        |     1 |       |       ||     1
       Shatter the Chain |       |     1 |       ||     1
  Use: Scroll            |       |    10 |       ||    10
       Potion            |       |     1 |       ||     1
Armor: Scale mail        |    59 |    50 |    14 ||   123
Dodge: Dodged            |    78 |    34 |    16 ||   128
Block: Buckler           |    18 |    27 |     4 ||    49

Table legend: (Time is in decaauts)
 A = Elapsed time spent in this place.
 B = Non-inter-level travel time spent in this place.
 C = Inter-level travel time spent in this place.
 D = Time resting spent in this place.
 E = Time spent auto-exploring this place.
 F = Levels seen in this place.
 G = Mean time per level.
                   A        B        C        D        E       F      G
               +--------+--------+--------+--------+--------+-----+--------+
         Total |   6767 |   6463 |    304 |   2531 |   3282 |   5 | 1353.4 |
       Dungeon |   6767 |   6463 |    304 |   2531 |   3282 |   5 | 1353.4 |
               +--------+--------+--------+--------+--------+-----+--------+

Top non-repeatable levels by time:
     D:2: 2847 daAuts
     D:3: 1705 daAuts
     D:1: 1341 daAuts
     D:4: 858 daAuts
     D:5: 14 daAuts
